 Dungeon Crawl Stone Soup version 0.31.0-11-ge490571c62 (webtiles) character file.

Game seed: 16314012320946464442

1352110 boberto the Conqueror (level 26, 400/408 HPs)
             Began as an Oni Artificer on Jan 31, 2024.
             Was an Initiate of Gozag.
             Escaped with the Orb
             ... and 3 runes on Feb 1, 2024!
             The game lasted 05:49:30 (105634 turns).

boberto the Conqueror (Oni Artificer)             Turns: 105634, Time: 05:49:30

Health: 400/408    AC: 31    Str: 31    XL:     26   Next: 59%
Magic:  45/45      EV: 19    Int: 16    God:    Gozag
Gold:   5976       SH:  0    Dex:  9    Spells: 44/62 levels left

rFire   + + +        t - +9 giant spiked club (flame)
rCold   + . .        (shield currently unavailable)
rNeg    + + .        O - melded +0 steam dragon scales
rPois   ∞            h - -2 hat of the Alchemist {rElec rPois rF+ rC+ rN+ Will+ rMut rCorr}
rElec   +            W - +4 dragonskin cloak
rCorr   +            (gloves unavailable)
SInv    +            (boots unavailable)
Will    +++..        y - amulet of magic regeneration
Stlth   +            N - ring of see invisible
HPRegen 0.88/turn    I - ring of Lilacs {rPois rF++ EV+5 Int+4 Stlth+}
MPRegen 0.69/turn

%: resist mutation
@: statue-form, gold aura, very slow
A: slow and powerful, torment resistance 1, boosted hp, large, unfitting armour,
horns 1, (tough skin 1), double potion healing, drunken brawling
0: Orb of Zot
}: 3/15 runes: decaying, serpentine, silver
a: Begin Untransformation, Renounce Religion, Potion Petition, Call Merchant,
Bribe Branch


You escaped.
You worshipped Gozag.
Gozag was greatly pleased with you.
You were a living statue of rough stone.
You visited 9 branches of the dungeon, and saw 45 of its levels.
You also visited: Gauntlet.

You collected 29426 gold pieces.
You spent 5024 gold pieces at shops.
You paid 18426 gold pieces to Gozag.

Inventory:

Hand Weapons
 t - a +9 giant spiked club of flaming (weapon)
Missiles
 s - 20 boomerangs (quivered)
 F - 19 javelins
 G - 4 throwing nets
 H - 3 atropa-tipped darts
 K - 4 silver javelins
Armour
 h - the -2 hat of the Alchemist (worn) {rElec rPois rF+ rC+ rN+ Will+ rMut rCorr}
   (You found it in a Gauntlet)

   rF+:       It protects you from fire.
   rC+:       It protects you from cold.
   rElec:     It insulates you from electricity.
   rPois:     It protects you from poison rN+: It protects you from negative
   energy.
   Will+:     It increases your willpower.
   rCorr:     It protects you from acid and corrosion.
   rMut:      It protects you from mutation.
 L - a +2 cloak of willpower
 O - +0 steam dragon scales (melded)
 W - the +4 dragonskin cloak (worn)
   (You took it off Tiamat on level 3 of the Realm of Zot)

   Avatar's Aegis: It grants the wearer a chance to resist fire, cold, poison,
   electricity, acid, and negative energy.
Jewellery
 p - a ring of protection from fire
 q - a ring of willpower
 y - an amulet of magic regeneration (around neck)
 I - the ring of Lilacs (right fist) {rPois rF++ EV+5 Int+4 Stlth+}
   (You bought it in a shop on level 2 of the Orcish Mines)

   [ring of evasion]

   EV+5:      It affects your evasion (+5).
   Int+4:     It affects your intelligence (+4).
   rF++:      It greatly protects you from fire.
   rPois:     It protects you from poison Stlth+: It makes you more stealthy.
 M - a ring of flight
 N - a ring of see invisible (left fist)
 Z - a ring of protection from cold
Talismans
 j - a granite talisman (active)
Wands
 c - a wand of digging (6)
 d - a wand of charming (9)
 B - a wand of quicksilver (28)
 E - a wand of roots (38)
 U - a wand of paralysis (49)
Scrolls
 a - 4 scrolls of vulnerability
 f - 5 scrolls of revelation
 i - 13 scrolls of teleportation
 k - 4 scrolls of identify
 n - 3 scrolls of enchant armour
 o - 4 scrolls of summoning
 u - 5 scrolls of fear
 v - 3 scrolls of silence
 w - 5 scrolls of blinking
 x - 4 scrolls of fog
 z - 6 scrolls of poison
Potions
 b - 6 potions of haste
 g - 3 potions of berserk rage
 l - 4 potions of attraction
 r - 8 potions of might
 A - 5 potions of brilliance
 C - 4 potions of resistance
 J - 12 potions of curing
 P - 7 potions of heal wounds
 Q - 5 potions of enlightenment
 R - 10 potions of mutation
 T - a potion of ambrosia
 X - a potion of cancellation
Miscellaneous
 e - a lightning rod (4/4)
 m - a phial of floods
 S - a box of beasts
 V - a phantom mirror


   Skills:
 O Level 27 Fighting
 - Level 22.0 Maces & Flails
 - Level 7.2 Throwing
 + Level 17.0 Dodging
 - Level 0.6 Stealth
 - Level 8.0 Shields
 - Level 18.8 Spellcasting
 - Level 15.0 Translocations
 - Level 4.0 Evocations
 - Level 17.1 Shapeshifting


You had 44 spell levels left.
You knew the following spells:

 Your Spells              Type           Power      Damage    Failure   Level
a - Manifold Assault      Tloc           58%        N/A       1%          4
b - Lesser Beckoning      Tloc           100%       N/A       0%          2
c - Dispersal             Tloc           29%        N/A       1%          6
d - Passage of Golubria   Tloc           58%        N/A       1%          4
z - Blink                 Tloc           100%       N/A       0%          2

Your spell library contained the following spells:

 Spells                   Type           Power      Damage    Failure   Level
 Gell's Gravitas          Tloc           58%        N/A       1%          3
 Teleport Other           Tloc           58%        N/A       1%          3
 Dimensional Bullseye     Hex/Tloc       19%        N/A       1%          4
 Iskenderun's Mystic Bla  Conj/Tloc      39%        2d9       1%          4
 Freeze                   Ice            60%        1d7       3%          1
 Magic Dart               Conj           60%        1d6       3%          1
 Summon Forest            Summ/Tloc      19%        N/A       4%          5
 Call Imp                 Summ           30%        N/A       5%          2
 Cigotuvi's Dreadful Rot  Necr/Alch/Air  30%        N/A       5%          2
 Jinxbite                 Hex            30%        N/A       5%          2
 Mercury Vapours          Alch/Air       30%        N/A       5%          2
 Searing Ray              Conj           30%        2d5       5%          2
 Static Discharge         Conj/Air       30%        3-5/arc   5%          2
 Frozen Ramparts          Ice            30%        1d5       11%         3
 Hailstorm                Conj/Ice       15%        3d6       11%         3
 Mephitic Cloud           Conj/Alch/Air  15%        N/A       11%         3
 Stone Arrow              Conj/Erth      30%        3d8       11%         3
 Summon Ice Beast         Ice/Summ       15%        N/A       11%         3
 Tukima's Dance           Hex            15%        N/A       11%         3
 Airstrike                Air            7%         2d(2-18)  36%         4
 Cause Fear               Hex            7%         N/A       36%         4
 Dispel Undead            Necr           15%        3d10      36%         4
 Fulminant Prism          Conj/Alch      7%         3d7       36%         4
 Martyr's Knell           Necr/Summ      15%        N/A       36%         4
 Olgreb's Toxic Radiance  Alch           15%        N/A       36%         4
 Summon Lightning Spire   Summ/Air       15%        N/A       36%         4
 Disjunction              Tloc           29%        N/A       45%         8
 Alistair's Intoxication  Alch           10%        N/A       71%         5
 Borgnjor's Vile Clutch   Necr/Erth      7%         N/A       71%         5
 Freezing Cloud           Conj/Ice/Air   7%         6-21      71%         5
 Summon Mana Viper        Hex/Summ       15%        N/A       71%         5
 Yara's Violent Unravell  Hex/Alch       7%         3d5       71%         5
 Malign Gateway           Summ/Tloc      19%        N/A       82%         7
 Conjure Ball Lightning   Conj/Air       7%         3x3d6     99%         6
 Death Channel            Necr           7%         N/A       99%         6
 Eringya's Noxious Bog    Alch           7%         4d6       99%         6
 Sculpt Simulacrum        Ice/Alch       7%         N/A       99%         6
 Starburst                Conj/Fire      7%         6d4       99%         6
 Haunt                    Necr/Summ      7%         N/A       100%        7
 Monstrous Menagerie      Summ           7%         N/A       100%        7
 Ozocubu's Refrigeration  Ice            7%         4d9       100%        7
 Summon Hydra             Summ           7%         N/A       100%        7
 Discord                  Hex            7%         N/A       100%        8
 Infestation              Necr           7%         N/A       100%        8
 Summon Horrible Things   Summ           7%         N/A       100%        8
 Animate Dead             Necr           Unusable   N/A       N/A         4

Dungeon Overview and Level Annotations

Branches:
Dungeon (15/15)            Temple (1/1) D:7            Lair (5/5) D:9
  Swamp (4/4) Lair:2        Snake (4/4) Lair:3        Slime (0/5) Lair:5
    Orc (2/2) D:11            Elf (0/3) Orc:2        Vaults (5/5) D:13
  Crypt (0/3) Vaults:3     Depths (4/4) D:15            Zot (5/5) Depths:4
Gauntlet (visited)

Altars:
Ashenzari
Cheibriados
Dithmenos
Elyvilon
Fedhas
Gozag
Hepliaklqana
Kikubaaqudgha
Makhleb
Nemelex Xobeh
Okawaru
Qazlal
Ru
Sif Muna
Trog
Uskayaw
Vehumet
Wu Jian
Xom
Yredelemnul
Zin
The Shining One
Jiyva

Shops:
D:7 [   D:15 **   Orc:2 :[?=   Snake:3 :[   Vaults:2 !   Vaults:4 *
Depths:4 ??==

Portals:
Hell: Depths:1 Depths:2 Depths:3 Depths:4
Abyss: Depths:1 Depths:2 Depths:3
Pandemonium: Depths:2
Ziggurat: Depths:3

Annotations:
Snake:1 6 transporters
Vaults:2 36 runed translucent doors
Zot:4 2 transporters, exclusion: orange crystal statue, Emnejil's ghost, master VSBe; Sebriys's ghost, legendary TrBe


Innate Abilities, Weirdness & Mutations

You are a living statue of rough stone.
Your actions are slow, but your melee attacks are powerful.
You are resistant to unholy torment.
Your maximum health is greatly increased.
Your equipment is partially melded.
You are too large for most types of armour.
You are immune to poison.
You have a pair of small horns on your head.
((You have tough skin. (AC +1)))
You gain doubled healing and magic from potions.
Whenever you drink a healing potion, you attack all around you.


Message History

Casting: Manifold Assault (safe; 1% risk of failure)
Confirm with . or Enter, or press ? or * to list all spells.
Space momentarily warps into an impossible shape!
You hammer the blizzard demon like a gong!!!
You burn the blizzard demon!
You kill the blizzard demon!
Your rat dissolves into shadows!
A green death comes into view.
Casting: Manifold Assault (safe; 1% risk of failure)
Confirm with . or Enter, or press ? or * to list all spells.
Space momentarily warps into an impossible shape!
You completely miss the green death. The green death gestures at you.
The blast of poison misses you.
Casting: Manifold Assault (safe; 1% risk of failure)
Confirm with . or Enter, or press ? or * to list all spells.
Space momentarily warps into an impossible shape!
You spit the green death like a pig!!!! You burn the green death!!
You kill the green death!
Your Dodging skill increases to level 17!
Casting: Manifold Assault (safe; 1% risk of failure)
Confirm with . or Enter, or press ? or * to list all spells.
You can't see any susceptible monsters within range! (Use Z to cast anyway.)
You open the door.
A smoke demon and 2 hellwings come into view.
The smoke demon roars!
The hellwing moves out of view.
There is an open door here.
A hellwing comes into view.
The hellwing swoops through the air toward you!
The hellwing closely misses you.
The hellwing hits you but does no damage.
The hellwing completely misses you. x2
You beat the hellwing like a drum!!!!
You burn the hellwing!!
You kill the hellwing!
There is a staircase leading out of the dungeon here.
You see here 22 gold pieces.
The smoke demon gestures at you. The ball of steam hits you! You resist.
You have escaped!

.......# ##.........
.......# ####....##
.......## ##.....
.......4#### #.....
#......43..############
#.....
'.......##............#
#..(..
#......####4####'####+#
#.)... ...##'##
#.3.§§......# #.....
...##.# ######8######
#.#### ...##.# ###
#.#### ...##.# #.....
...##.# ###### ......#
...#..# ...#..# ####
.###..# #...
......#######
########.##


There were no monsters in sight!

Vanquished Creatures
  Frederick (Vaults:4)
  A dread lich (Vaults:4)
  Tiamat (Zot:3)
  2 juggernauts
  A Killer Klown (Zot:4)
  5 curse toes
  5 caustic shrikes
  Vashnia (Snake:2)
  8 golden dragons
  Nikola (Snake:2)
  A profane servitor (Zot:5)
  3 electric golems
  2 hellephants (Depths:4)
  Jorgrun (Orc:2)
  A bone dragon (Depths:4)
  A Tzitzimitl (Zot:5)
  An Ice Fiend (D:1)
  2 walking crystal tomes
  Zenata (Vaults:2)
  9 tentacled monstrosities
  A walking earthen tome (Depths:2)
  2 titans
  23 Orb Guardians
  3 liches
  9 quicksilver dragons
  The ghost of Wueresid the Spry, an adept DEHW of Sif Muna (Vaults:4)
  10 death cobs
  An ancient champion (Vaults:3)
  9 sphinxes
  2 walking frostbound tomes
  Aizul (Snake:3)
  4 tengu reavers
  14 storm dragons
  9 shadow dragons
  4 nagarajas (Snake:4)
  Roxanne (Swamp:3)
  6 draconian knights
  Donald (Swamp:1)
  5 draconian monks
  A daeva (Zot:5)
  3 fenstrider witches (Swamp:2)
  5 draconian shifters
  9 fire giants
  3 iron dragons (Depths:3)
  A balrug (Zot:5)
  4 frost giants
  4 draconian stormcallers
  18 vault wardens
  A deep elf sorcerer (Vaults:5)
  2 ghost moths
  5 ghouls
  5 draconian scorchers
  14 stone giants
  A cacodemon (D:8)
  A reaper (Zot:5)
  3 orc warlords (Vaults:3)
  15 ironbound preservers
  5 draconian annihilators
  3 ironbound thunderhulks
  4 spriggan defenders
  A deep elf demonologist (Vaults:2)
  2 vampire knights
  15 very ugly things
  5 formless jellyfish
  7 black draconians
  8 green draconians
  4 eleionomae
  21 white draconians
  12 yellow draconians
  Nessos (Lair:4)
  2 bunyips (Swamp:1)
  7 spark wasps
  14 purple draconians
  A deep elf annihilator (Vaults:5)
  3 war gargoyles
  A minotaur (Gauntlet)
  9 dire elephants
  Azrael (Snake:2)
  A merfolk javelineer (Depths:1)
  10 red draconians
  2 blizzard demons
  5 fire dragons
  11 yaktaur captains
  11 ettins
  3 crystal guardians
  A green death (D:1)
  An entropy weaver (Vaults:1)
  A shambling mangrove (Swamp:4)
  2 deep elf high priests (Vaults:5)
  9 ice dragons
  The ghost of yey the Protected, a journeyman GrFi of Uskayaw (Orc:1)
  4 great orbs of eyes
  23 hydras
  8 rakshasas
  4 salamander tyrants (Snake:4)
  19 vault guards
  2 peacekeepers
  A ghost crab (Swamp:1)
  An ogre mage (D:15)
  7 spriggan air magi
  9 ironbound frosthearts
  4 alligators
  Fannar (Lair:1)
  4 catoblepae
  8 anacondas
  13 naga warriors
  18 centaur warriors
  4 boulder beetles
  5 tengu warriors
  9 deep troll earth magi
  Urug (Lair:2)
  8 deep troll shamans
  9 two-headed ogres
  8 death yaks (Lair:5)
  9 hell hogs (Depths:4)
  7 orc high priests
  13 naga sharpshooters
  2 spriggan berserkers
  8 shock serpents
  Nergalle (D:9)
  6 hell knights
  3 sun demons (Zot:5)
  8 iron trolls
  A death drake (Swamp:4)
  3 salamander mystics (Snake:4)
  2 sixfirhies (D:8)
  12 sea snakes
  A skyshark (Lair:5)
  52 deep trolls
  2 glowing orange brains
  2 flayed ghosts
  5 skeletal warriors
  4 spriggan druids
  3 goliath frogs
  4 arcanists
  A shadow demon (Zot:1)
  9 naga ritualists
  6 lindwurms
  8 mana vipers
  15 swamp dragons
  An obsidian statue (Vaults:4)
  6 bog bodies
  15 ironbound convokers
  A swamp dragon (shapeshifter) (Vaults:2)
  4 harpies (Vaults:1)
  A phantasmal warrior (Vaults:5)
  3 necromancers
  36 ugly things
  3 deep elf pyromancers
  A wolf spider (D:15)
  A tengu skeleton (Vaults:3)
  9 manticores
  3 orc sorcerers (Orc:1)
  19 orc knights
  Maurice (D:8)
  16 cyclopes
  6 will-o-the-wisps
  16 elephants
  An ice statue (Gauntlet)
  15 salamanders
  15 vault sentinels
  15 naga magi
  5 kobold blastminers (Orc:1)
  23 moths of wrath
  46 black mambas
  2 gargoyles
  9 guardian serpents
  A frost giant skeleton (Vaults:3)
  A smoke demon (D:15)
  A torpor snail (Lair:5)
  8 apocalypse crabs (Zot:1)
  Maggie (Lair:1)
  11 cane toads
  3 large abominations (Depths:2)
  Jeremiah (D:8)
  5 unseen horrors
  A freezing wraith (Vaults:3)
  36 yaktaurs
  9 komodo dragons
  A kobold demonologist (D:11)
  4 rime drakes
  Psyche (D:9)
  A bloated husk (Swamp:3)
  2 polar bears
  A merfolk (shapeshifter) (Depths:2)
  12 hornets
  Prince Ribbit (D:8)
  5 trolls
  A hellwing (D:1)
  A queen bee (Lair:2)
  9 tyrant leeches
  18 blink frogs
  A tarantella (Vaults:1)
  7 dream sheep (Lair:4)
  An ettin skeleton (Vaults:3)
  47 slime creatures
  17 spriggans
  Sigmund (D:2)
  4 wyverns
  3 elf skeletons (Vaults:3)
  5 wraiths
  71 yaks
  A wyvern (shapeshifter) (D:14)
  4 humans (D:13)
  An unseen horror simulacrum (D:9)
  A vampire (D:8)
  13 water elementals
  8 wargs
  6 fire elementals
  4 basilisks
  2 golden eyes (D:11)
  Grum (D:10)
  2 chaos spawn (Depths:2)
  A steam dragon (D:7)
  5 vampire mosquitoes
  48 nagas
  15 swamp worms
  2 acid dragons
  11 water moccasins
  2 hell hounds (Snake:2)
  2 sky beasts (D:7)
  6 swamp drakes (Swamp:4)
  4 ice beasts
  5 ogres
  4 black bears
  36 orc warriors
  18 wolves
  3 boggarts (D:15)
  8 small abominations (Depths:2)
  2 centaurs
  3 kobold brigands
  Blork the orc (D:6)
  2 necrophages (Swamp:3)
  2 scorpions
  11 bullfrogs
  6 human skeletons (Vaults:3)
  30 killer bees
  8 howler monkeys
  5 electric eels
  4 hounds
  2 jellies (D:6)
  Crazy Yiuf (D:5)
  23 orc priests
  2 gnoll boudas (D:7)
  5 iguanas
  19 orc wizards
  Terence (D:1)
  A centaur simulacrum (D:9)
  A mummy (D:6)
  Robin (D:3)
  10 gnolls
  6 adders
  18 white imps
  4 ufetubi
  2 ribbon worms
  2 dart slugs
  77 orcs
  3 endoplasms
  6 giant cockroaches
  12 goblins
  9 hobgoblins
  12 jackals
  19 kobolds
  8 quokkas
  6 ball pythons
  9 bats
  5 frilled lizards
  2 hobgoblin zombies (D:6)
  A kobold zombie (D:6)
  An orc zombie (D:6)
  5 rats
  A butterfly (Lair:2)
1916 creatures vanquished.

Vanquished Creatures (collateral kills)
  the Lernaean hydra (Swamp:4)
  A Killer Klown (Zot:5)
  A golden dragon (Zot:5)
  An Orb Guardian (Zot:5)
  A lich (Vaults:5)
  3 tentacled monstrosities (Zot:1)
  3 titans (Vaults:5)
  A sphinx (Vaults:5)
  2 storm dragons
  A shadow dragon (Vaults:5)
  2 fire giants (Vaults:5)
  4 vault wardens
  A frost giant (Vaults:5)
  4 very ugly things (Vaults:5)
  2 stone giants (Vaults:5)
  4 ironbound preservers (Vaults:5)
  3 deep elf death magi (Vaults:5)
  A deep elf demonologist (Vaults:5)
  3 ettins (Vaults:5)
  2 black draconians (Zot:5)
  2 yaktaur captains (Vaults:5)
  A deep elf high priest (Vaults:5)
  4 vault guards (Vaults:5)
  3 ogre magi (Vaults:5)
  A centaur warrior (Vaults:2)
  2 hell knights (Vaults:2)
  2 deep trolls (shapeshifter) (Vaults:5)
  A deep troll (Vaults:5)
  A swamp dragon (Swamp:4)
  2 ironbound convokers
  3 moths of wrath
  2 ugly things
  3 vault sentinels (Vaults:5)
  A freezing wraith (Vaults:5)
  A ribbon worm (D:3)
70 creatures vanquished.

Vanquished Creatures (others)
  2 orbs of fire (Zot:5)
  2 ancient liches
  2 Killer Klowns (Zot:5)
  A profane servitor (Zot:5)
  An electric golem (Zot:5)
  A tentacled monstrosity (Vaults:5)
  4 Orb Guardians (Zot:5)
  A shadow dragon (Vaults:5)
  A storm dragon (Zot:5)
  A tengu reaver (Vaults:5)
  2 draconian knights
  A draconian monk (Zot:5)
  A fire giant (Vaults:5)
  3 frost giants (Vaults:5)
  A draconian shifter (Zot:5)
  A vault warden (Vaults:5)
  4 stone giants (Vaults:5)
  2 green draconians (Zot:5)
  A red draconian (Zot:5)
  A war gargoyle (Vaults:5)
  2 black draconians (Zot:5)
  5 ettins (Vaults:5)
  15 vault guards (Vaults:5)
  A naga warrior (Snake:4)
  2 phantasmal warriors (Vaults:5)
  3 vault sentinels
  2 naga magi
  A bloated husk (Swamp:3)
  2 hornets
  A small abomination (D:15)
  A gnoll (D:4)
  10 foxfires
78 creatures vanquished.

Grand Total: 2064 creatures vanquished

Notes
Turn   | Place    | Note
-------+----------+-------------------------------------------
     0 | D:1      | boberto the Oni Artificer began the quest for the Orb.
     0 | D:1      | Reached XP level 1. HP: 19/19 MP: 1/1
    66 | D:1      | Reached skill level 2 in Fighting
   177 | D:1      | Reached skill level 1 in Maces & Flails
   177 | D:1      | Reached XP level 2. HP: 28/28 MP: 2/2
   383 | D:1      | Reached XP level 3. HP: 34/36 MP: 3/3
   445 | D:1      | Reached skill level 3 in Fighting
   958 | D:2      | Noticed Terence
   974 | D:1      | Killed Terence
   975 | D:1      | Reached XP level 4. HP: 32/48 MP: 4/4
  1326 | D:2      | Noticed Sigmund
  1333 | D:2      | Killed Sigmund
  1334 | D:2      | Reached skill level 5 in Fighting
  1334 | D:2      | Reached XP level 5. HP: 48/57 MP: 5/5
  1347 | D:2      | Reached XP level 6. HP: 48/66 MP: 6/6
  1749 | D:3      | Noticed Robin
  2065 | D:3      | Found a sacrificial altar of Ru.
  2315 | D:3      | Found a bloodstained altar of Trog.
  2341 | D:3      | Reached skill level 6 in Fighting
  2440 | D:3      | Found a faded altar of an unknown god.
  2924 | D:3      | Killed Robin
  3428 | D:4      | Found an opulent altar of Gozag.
  3659 | D:4      | Learned a level 4 spell: Manifold Assault
  3666 | D:4      | Became a worshipper of Gozag Ym Sagoz the Greedy
  3717 | D:4      | Found a stormy altar of Qazlal.
  3856 | D:4      | Identified the +1 pair of gloves "Dubawnoo" {rPois Str+6
                  | Int-5}
  4390 | D:4      | Reached XP level 7. HP: 73/76 MP: 7/7
  4409 | D:5      | Entered Level 5 of the Dungeon
  4448 | D:5      | Reached skill level 1 in Spellcasting
  4448 | D:5      | Reached skill level 1 in Translocations
  4520 | D:5      | Reached skill level 5 in Maces & Flails
  4695 | D:5      | Reached skill level 7 in Fighting
  4757 | D:5      | Found a radiant altar of Vehumet.
  5028 | D:5      | Reached XP level 8. HP: 78/87 MP: 10/10
  5262 | D:5      | Found a runed translucent door.
  5263 | D:5      | Noticed Crazy Yiuf
  5688 | D:6      | Identified the +11 flail of Subterfuge {pain, rF+ rCorr
                  | Dex+5}
  5791 | D:6      | Reached skill level 8 in Fighting
  6367 | D:6      | Noticed Blork the orc
  6372 | D:6      | Killed Blork the orc
  6877 | D:7      | Reached skill level 9 in Fighting
  7017 | D:7      | Reached XP level 9. HP: 98/98 MP: 11/11
  7092 | D:7      | Found a staircase to the Ecumenical Temple.
  7098 | Temple   | Entered the Ecumenical Temple
  7200 | D:7      | Reached skill level 5 in Dodging
  7405 | D:7      | Found Pitsoutz's Armour Shoppe.
  7545 | D:7      | Reached skill level 10 in Fighting
  7658 | D:7      | Reached skill level 1 in Throwing
  7941 | D:7      | Found a basalt altar of Yredelemnul.
  8947 | D:8      | Found a shimmering blue altar of Sif Muna.
  9038 | D:8      | Noticed an elephant
  9079 | D:8      | Killed an elephant
  9169 | D:8      | Identified the +3 scale mail of Elyvilon's Inspiration
                  | {+Inv rF- rC+ Stlth+}
  9174 | D:8      | Found an ancient bone altar of Kikubaaqudgha.
  9176 | D:8      | Noticed an elephant
  9242 | D:8      | Noticed Prince Ribbit
  9249 | D:8      | Reached XP level 10. HP: 111/111 MP: 12/12
  9256 | D:8      | Reached skill level 1 in Shields
  9257 | D:8      | Reached skill level 11 in Fighting
  9544 | D:8      | Noticed an elephant
  9557 | D:8      | Killed an elephant
  9584 | D:8      | Noticed an elephant
  9641 | D:8      | Killed an elephant
  9964 | D:8      | Noticed Maurice
  9972 | D:8      | Maurice stole a +4 war axe of flaming
  9979 | D:8      | Something stole a ring of ice
  9980 | D:8      | Something stole 15 poisoned darts
  9982 | D:8      | Something stole 247 gold
  9983 | D:8      | Killed Maurice
 10112 | D:8      | Killed Prince Ribbit
 10557 | D:8      | Noticed Jeremiah
 10673 | D:8      | Found an ancient bone altar of Kikubaaqudgha.
 10673 | D:8      | Found a burning altar of Makhleb.
 10957 | D:8      | Killed Jeremiah
 10958 | D:8      | Reached skill level 12 in Fighting
 11236 | D:8      | Killed an elephant
 11561 | D:8      | Reached XP level 11. HP: 94/124 MP: 13/13
 12611 | D:9      | Reached skill level 5 in Shields
 12617 | D:9      | Noticed Psyche
 12896 | D:9      | Reached skill level 13 in Fighting
 12896 | D:9      | Reached skill level 10 in Maces & Flails
 13545 | D:9      | Found a sparkling altar of Nemelex Xobeh.
 13556 | D:9      | Killed Psyche
 13634 | D:9      | Found a staircase to the Lair.
 14431 | D:10     | Entered Level 10 of the Dungeon
 14874 | D:10     | Noticed a two-headed ogre
 14880 | D:10     | Killed a two-headed ogre
 15283 | D:10     | Noticed Grum
 15305 | D:10     | Killed Grum
 15773 | D:11     | Noticed a cyclops
 15778 | D:11     | Killed a cyclops
 15779 | D:11     | Reached skill level 14 in Fighting
 15896 | D:10     | Learned a level 2 spell: Lesser Beckoning
 15903 | D:10     | Learned a level 6 spell: Dispersal
 16078 | D:11     | Noticed a cyclops
 16105 | D:11     | Killed a cyclops
 16156 | D:11     | Identified the serpent talisman of Apathy {Int+3 Dex+3
                  | Slay+2}
 16221 | D:11     | Found a gate leading to a gauntlet.
 16226 | Gauntlet | Entered a Gauntlet
 16226 | Gauntlet | Noticed a worldbinder
 16226 | Gauntlet | Noticed a hell hog
 16226 | Gauntlet | Found a large runed translucent door.
 16226 | Gauntlet | Found a large runed translucent door.
 16226 | Gauntlet | Found a large runed translucent door.
 16226 | Gauntlet | Found a large runed translucent door.
 16226 | Gauntlet | Found a large runed translucent door.
 16226 | Gauntlet | Found a large runed translucent door.
 16226 | Gauntlet | Found a large runed translucent door.
 16226 | Gauntlet | Found a large runed translucent door.
 16226 | Gauntlet | Found a runed translucent door.
 16226 | Gauntlet | Found a runed translucent gate.
 16226 | Gauntlet | Found a transporter.
 16226 | Gauntlet | Found a transporter.
 16226 | Gauntlet | Found a runed translucent gate.
 16226 | Gauntlet | Found a transporter.
 16226 | Gauntlet | Found a transporter.
 16246 | Gauntlet | Found a transporter.
 16248 | Gauntlet | Noticed a hell hog
 16256 | Gauntlet | Found a transporter.
 16277 | Gauntlet | Found a transporter.
 16278 | Gauntlet | Noticed a soul eater
 16285 | Gauntlet | Found a transporter.
 16289 | Gauntlet | Found the +2 pair of slick slippers {slick, slippery, EV+4}
 16291 | Gauntlet | Found a transporter.
 16309 | Gauntlet | Found a transporter.
 16316 | Gauntlet | Found the -2 hat of the Alchemist {rElec rPois rF+ rC+ rN+
                  | Will+ rMut rCorr}
 16317 | Gauntlet | Found a transporter.
 16335 | Gauntlet | Found a transporter.
 16339 | Gauntlet | Found a large runed translucent door.
 16339 | Gauntlet | Found a large runed translucent door.
 16340 | Gauntlet | Found a large runed translucent door.
 16340 | Gauntlet | Found a large runed translucent door.
 16341 | Gauntlet | Found a large runed translucent door.
 16341 | Gauntlet | Found a large runed translucent door.
 16341 | Gauntlet | Found a large runed translucent door.
 16341 | Gauntlet | Found a large runed translucent door.
 16342 | Gauntlet | Found a runed translucent door.
 16356 | Gauntlet | Found a runed translucent gate.
 16474 | Gauntlet | Noticed a naga warrior
 16484 | Gauntlet | Reached XP level 12. HP: 134/140 MP: 14/14
 16874 | Gauntlet | Noticed a minotaur
 16882 | Gauntlet | Killed a minotaur
 17299 | D:11     | Noticed a boulder beetle
 17320 | D:11     | Killed a boulder beetle
 17519 | D:11     | Found a staircase to the Orcish Mines.
 17884 | D:11     | Noticed a two-headed ogre
 17898 | D:11     | Killed a two-headed ogre
 17899 | D:11     | Reached skill level 15 in Fighting
 18069 | Lair:1   | Entered Level 1 of the Lair of Beasts
 18898 | Lair:1   | Noticed Maggie
 19168 | Lair:1   | Killed Maggie
 19170 | Lair:1   | Noticed Nergalle
 19448 | D:9      | Killed Nergalle
 19971 | Lair:1   | Reached skill level 16 in Fighting
 20350 | Lair:1   | Identified the +1 ring mail of the Nine Loafs {rC++}
 20492 | Lair:2   | Noticed Fannar
 20498 | Lair:2   | Reached XP level 13. HP: 125/152 MP: 17/17
 20617 | Lair:2   | Noticed an eleionoma
 20874 | Lair:1   | Killed an eleionoma
 20947 | Lair:1   | Killed Fannar
 21183 | Lair:2   | Noticed Urug
 21198 | Lair:2   | Killed Urug
 21698 | Lair:2   | Found a staircase to the Swamp.
 24231 | Lair:3   | Found a staircase to the Snake Pit.
 26392 | Lair:3   | Reached skill level 5 in Spellcasting
 26900 | Lair:4   | Reached XP level 14. HP: 130/163 MP: 22/22
 27033 | Lair:4   | Reached skill level 5 in Translocations
 27141 | Lair:4   | Noticed Nessos
 27162 | Lair:4   | Killed Nessos
 28119 | Lair:5   | Entered Level 5 of the Lair of Beasts
 28989 | Lair:5   | Found a staircase to the Slime Pits.
 29096 | Lair:5   | Found a viscous altar of Jiyva.
 33423 | Lair:4   | Reached skill level 10 in Spellcasting
 34134 | D:12     | Learned a level 4 spell: Passage of Golubria
 34387 | D:12     | Reached XP level 15. HP: 167/171 MP: 29/29
 34887 | D:12     | Reached skill level 10 in Translocations
 37255 | D:13     | Found a gate to the Vaults.
 40522 | D:15     | Entered Level 15 of the Dungeon
 41281 | D:15     | Found an ornate altar of the Wu Jian Council.
 41463 | D:15     | Reached XP level 16. HP: 171/180 MP: 13/33
 42735 | D:15     | Found a staircase to the Depths.
 42883 | Orc:1    | Entered Level 1 of the Orcish Mines
 43403 | Orc:1    | Found a transporter.
 44523 | Orc:1    | Found a transporter.
 44558 | Orc:1    | Noticed yey's ghost (journeyman GrFi)
 45511 | Orc:2    | Entered Level 2 of the Orcish Mines
 46189 | Orc:2    | Noticed Jorgrun
 46652 | Orc:2    | Killed Jorgrun
 46999 | Orc:2    | Found a staircase to the Elven Halls.
 51291 | Orc:2    | Found Mosset's Book Emporium.
 51292 | Orc:2    | Found Foasoj's Magic Scroll Shoppe.
 51292 | Orc:2    | Found Ecsat's Antique Armour Emporium.
 51293 | Orc:2    | Found Kox Nur's Jewellery Emporium.
 51304 | Orc:2    | Bought a book of Minor Magic for 256 gold pieces
 51307 | Orc:2    | Learned a level 2 spell: Blink
 51318 | Orc:2    | Bought a scroll of summoning for 123 gold pieces
 51545 | Swamp:1  | Entered Level 1 of the Swamp
 51559 | Swamp:1  | Reached skill level 1 in Shapeshifting
 52205 | Orc:2    | Bought a granite talisman for 780 gold pieces
 53943 | Swamp:1  | Noticed Donald
 53958 | Swamp:1  | Killed Donald
 54253 | Swamp:1  | Reached skill level 5 in Shapeshifting
 55639 | Swamp:2  | Reached XP level 17. HP: 166/189 MP: 20/35
 56235 | Swamp:2  | Identified the +1 helmet of Luvunig {rElec rF- rCorr Dex+4}
 56871 | Swamp:2  | Paralysed by a fenstrider witch for 4 turns
 57260 | Swamp:2  | Found a runed translucent door.
 57642 | Swamp:3  | Noticed Roxanne
 58098 | Swamp:3  | Killed Roxanne
 58977 | Swamp:3  | Identified a scroll of acquirement
 58978 | Swamp:3  | Acquired 886 gold pieces
 59208 | Swamp:4  | Entered Level 4 of the Swamp
 60306 | Swamp:3  | Paralysed by a hornet for 2 turns
 60310 | Swamp:3  | Reached skill level 10 in Shapeshifting
 62073 | Swamp:4  | Noticed the 27-headed Lernaean hydra
 62078 | Swamp:4  | Killed the 27-headed Lernaean hydra
 62939 | Swamp:4  | Got a decaying rune of Zot
 63279 | D:5      | Killed Crazy Yiuf
 63576 | Snake:1  | Entered Level 1 of the Snake Pit
 63583 | Snake:1  | Found a transporter.
 63584 | Snake:1  | Found a transporter.
 63938 | Snake:1  | Identified the +8 whip of Judgement {flame, rElec}
 64051 | Snake:1  | Found a transporter.
 64060 | Snake:1  | Found a transporter.
 64104 | Snake:1  | Found a transporter.
 64106 | Snake:1  | Found a transporter.
 64740 | Snake:1  | Identified the +0 scale mail of Dock {rElec Will- Dex+7}
 64863 | Snake:2  | Noticed Azrael
 64871 | Snake:1  | Reached XP level 18. HP: 169/198 MP: 19/36
 65545 | Snake:2  | Killed Azrael
 66087 | Snake:2  | Noticed Nikola
 66192 | Snake:2  | Killed Nikola
 66560 | Snake:2  | Noticed Vashnia
 66678 | Snake:2  | Killed Vashnia
 66950 | Snake:3  | Found Gyrugy's Antique Armour Shop.
 67075 | Snake:3  | Found Vigahepia's Book Boutique.
 67245 | Snake:3  | Reached skill level 15 in Shapeshifting
 68207 | Snake:3  | Identified the +9 war axe of Onkiozich {holy, Will+ Int+5}
 68727 | Snake:4  | Entered Level 4 of the Snake Pit
 68774 | Snake:4  | Identified the serpent talisman "Rienypn" {rF++ rC+}
 68774 | Snake:4  | Noticed Aizul
 68788 | Snake:3  | Killed Aizul
 69318 | Snake:4  | Reached XP level 19. HP: 206/206 MP: 13/37
 69333 | Snake:4  | Reached skill level 15 in Spellcasting
 71301 | Snake:4  | Got a serpentine rune of Zot
 71718 | Vaults:1 | Entered Level 1 of the Vaults
 71909 | Orc:2    | Bought an embroidered scarf for 320 gold pieces
 71909 | Orc:2    | Bought a slimy scarf for 400 gold pieces
 71909 | Orc:2    | Identified the scarf of the Sparrow {harm, Int+3} (You
                  | bought it in a shop on level 2 of the Orcish Mines)
 71916 | Orc:2    | Bought 2 scrolls of enchant weapon for 195 gold pieces
 71916 | Orc:2    | Bought a scroll of enchant weapon for 97 gold pieces
 71916 | Orc:2    | Bought a scroll of enchant weapon for 97 gold pieces
 72352 | Vaults:1 | Reached skill level 17 in Fighting
 73528 | Vaults:1 | Reached skill level 15 in Maces & Flails
 73769 | Vaults:1 | Identified the +7 mace "Opnamar" {drain, MP+9}
 74590 | Vaults:2 | Reached skill level 18 in Fighting
 74928 | Vaults:2 | Reached XP level 20. HP: 222/222 MP: 27/40
 75537 | Orc:2    | Bought a ring of willpower for 325 gold pieces
 76004 | Vaults:2 | Reached skill level 19 in Fighting
 76393 | Vaults:2 | Found a huge runed translucent gate.
 76393 | Vaults:2 | Found a huge runed translucent gate.
 76393 | Vaults:2 | Found a huge runed translucent gate.
 76394 | Vaults:2 | Found a huge runed translucent gate.
 76395 | Vaults:2 | Found a huge runed translucent gate.
 76395 | Vaults:2 | Found a huge runed translucent gate.
 76396 | Vaults:2 | Found a huge runed translucent gate.
 76396 | Vaults:2 | Found a huge runed translucent gate.
 76397 | Vaults:2 | Found a huge runed translucent gate.
 76397 | Vaults:2 | Found a huge runed translucent gate.
 76397 | Vaults:2 | Found a huge runed translucent gate.
 76397 | Vaults:2 | Found a huge runed translucent gate.
 76397 | Vaults:2 | Found a huge runed translucent gate.
 76398 | Vaults:2 | Found a huge runed translucent gate.
 76399 | Vaults:2 | Found a huge runed translucent gate.
 76400 | Vaults:2 | Found a huge runed translucent gate.
 76401 | Vaults:2 | Found a huge runed translucent gate.
 76402 | Vaults:2 | Found a huge runed translucent gate.
 76402 | Vaults:2 | Found a huge runed translucent gate.
 76407 | Vaults:2 | Found a huge runed translucent gate.
 76408 | Vaults:2 | Found a huge runed translucent gate.
 76408 | Vaults:2 | Found a huge runed translucent gate.
 76408 | Vaults:2 | Found a huge runed translucent gate.
 76408 | Vaults:2 | Found a huge runed translucent gate.
 76410 | Vaults:2 | Found a huge runed translucent gate.
 76411 | Vaults:2 | Found a huge runed translucent gate.
 76453 | Vaults:2 | Noticed a hellephant
 77131 | Vaults:2 | Found a huge runed translucent gate.
 77131 | Vaults:2 | Found a huge runed translucent gate.
 77131 | Vaults:2 | Found a huge runed translucent gate.
 77131 | Vaults:2 | Found a huge runed translucent gate.
 77131 | Vaults:2 | Found a huge runed translucent gate.
 77131 | Vaults:2 | Found a huge runed translucent gate.
 77135 | Vaults:2 | Found a huge runed translucent gate.
 77139 | Vaults:2 | Found a huge runed translucent gate.
 77140 | Vaults:2 | Found a huge runed translucent gate.
 77141 | Vaults:2 | Found a huge runed translucent gate.
 77385 | Vaults:2 | Found Ryuhat's Distillery.
 77390 | Vaults:2 | Bought a potion of heal wounds for 75 gold pieces
 77390 | Vaults:2 | Bought a potion of brilliance for 60 gold pieces
 77390 | Vaults:2 | Bought a potion of heal wounds for 75 gold pieces
 77390 | Vaults:2 | Bought a potion of mutation for 120 gold pieces
 77390 | Vaults:2 | Bought 2 potions of brilliance for 120 gold pieces
 77390 | Vaults:2 | Bought a potion of curing for 45 gold pieces
 77652 | Vaults:2 | Noticed Zenata
 78449 | Vaults:2 | Killed Zenata
 79192 | Vaults:3 | Reached skill level 20 in Fighting
 79369 | Vaults:3 | Found Tomem's Armour Emporium.
 79608 | Vaults:3 | Found a staircase to the Crypt.
 80592 | Vaults:3 | Reached XP level 21. HP: 240/240 MP: 18/41
 80709 | Vaults:3 | Reached skill level 21 in Fighting
 82317 | Vaults:4 | Found a runed translucent gate.
 82317 | Vaults:4 | Noticed Wueresid's ghost (adept DEHW)
 82318 | Vaults:4 | Found a runed translucent gate.
 82318 | Vaults:4 | Found an opulent altar of Gozag.
 82318 | Vaults:4 | Found a runed translucent gate.
 82318 | Vaults:4 | Noticed a dread lich
 82319 | Vaults:4 | Found Hutatzen's Assorted Antiques.
 83040 | Vaults:4 | Reached skill level 22 in Fighting
 83375 | Vaults:4 | Identified the orb "Faurop" {*channel, Int+3 Summ}
 83375 | Vaults:4 | Noticed Frederick
 84969 | Vaults:4 | Killed Frederick
 85738 | Vaults:5 | Entered Level 5 of the Vaults
 85793 | Vaults:5 | Noticed an ancient lich
 85807 | Vaults:5 | Reached skill level 23 in Fighting
 85941 | Vaults:5 | Reached XP level 22. HP: 260/260 MP: 42/42
 86066 | Vaults:5 | Identified the +4 chain mail of the Sea {Int+3 Stlth+}
 86134 | Vaults:5 | Got a silver rune of Zot
 86187 | Vaults:5 | Reached skill level 24 in Fighting
 87272 | Vaults:5 | Got the Verses on Scintillating Guile
 87543 | Vaults:4 | Killed Wueresid's ghost
 87547 | Vaults:4 | Killed a dread lich
 87880 | Orc:2    | Bought a scroll of teleportation for 39 gold pieces
 88041 | Orc:1    | Killed yey's ghost
 88064 | Orc:1    | Acquired 815 gold pieces
 88258 | Depths:1 | Entered Level 1 of the Depths
 88587 | Depths:1 | Found a shadowy altar of Dithmenos.
 89004 | Depths:1 | Reached skill level 25 in Fighting
 89205 | D:15     | Bought a scroll of summoning for 123 gold pieces
 89849 | Depths:1 | Found a one-way gate to the infinite horrors of the Abyss.
 89909 | Depths:1 | Found a gateway to Hell.
 90269 | Depths:2 | Reached XP level 23. HP: 276/276 MP: 43/43
 90379 | Depths:2 | Noticed a caustic shrike
 90380 | Depths:2 | Noticed a caustic shrike
 90382 | Depths:2 | Killed a caustic shrike
 90383 | Depths:2 | Killed a caustic shrike
 90384 | Depths:2 | Noticed a caustic shrike
 90388 | Depths:2 | Killed a caustic shrike
 90550 | Depths:2 | Found a one-way gate leading to the halls of Pandemonium.
 90705 | Depths:2 | Noticed a juggernaut
 90710 | Depths:2 | Killed a juggernaut
 90917 | Depths:2 | Reached skill level 26 in Fighting
 91125 | Depths:2 | Identified the staff "Biext" {rElec rN+ Int-5 Conj Necro}
 91134 | Depths:2 | Identified the +7 short sword of Cowardice {vamp, rC++
                  | rCorr Int-4 SInv}
 91473 | Depths:2 | Found a shimmering blue altar of Sif Muna.
 91849 | Depths:3 | Found a one-way gateway to a ziggurat.
 92123 | Depths:3 | Noticed a caustic shrike
 92125 | Depths:3 | Killed a caustic shrike
 92453 | Depths:3 | Identified the ring "Veetun Eleje" {rC+ Will+ rCorr Int+4}
 92644 | Depths:3 | Reached skill level 27 in Fighting
 93288 | Depths:3 | Noticed a caustic shrike
 93293 | Depths:3 | Killed a caustic shrike
 93736 | Depths:3 | Reached XP level 24. HP: 295/295 MP: 35/43
 93915 | Depths:3 | Reached skill level 5 in Throwing
 93981 | Depths:4 | Entered Level 4 of the Depths
 94564 | Depths:4 | Noticed a juggernaut
 94572 | Depths:4 | Killed a juggernaut
 95054 | Depths:4 | Found a gate to the Realm of Zot.
 95609 | Depths:4 | Found Jeq Qeuhuon's Jewellery Boutique.
 95611 | Depths:4 | Found Fagheb's Book Shoppe.
 95612 | Depths:4 | Found Suteke's Jewellery Boutique.
 96508 | Zot:1    | Entered Level 1 of the Realm of Zot
 96532 | Zot:1    | HP: 11/383 [death cob (18)]
 96556 | Zot:1    | Reached skill level 15 in Translocations
 97306 | Orc:2    | Bought the ring of Lilacs {rPois rF++ EV+5 Int+4 Stlth+}
                  | for 986 gold pieces
 97621 | Depths:4 | Bought a scroll of summoning for 180 gold pieces
 97621 | Depths:4 | Bought 2 scrolls of summoning for 361 gold pieces
 97625 | Depths:4 | Bought a scroll of enchant weapon for 82 gold pieces
 97625 | Depths:4 | Bought 2 scrolls of blinking for 165 gold pieces
 98490 | Zot:1    | Noticed a curse toe
 98492 | Zot:1    | Killed a curse toe
 98639 | Zot:1    | Noticed a curse toe
 98641 | Zot:1    | Killed a curse toe
 98674 | Zot:1    | Noticed a curse toe
 98683 | Zot:1    | Killed a curse toe
 98864 | Zot:1    | Noticed a curse toe
 98865 | Zot:1    | Killed a curse toe
 99178 | Zot:2    | Reached XP level 25. HP: 304/304 MP: 45/45
100133 | Zot:3    | Reached skill level 10 in Dodging
100540 | Zot:3    | Found the +4 dragonskin cloak
100540 | Zot:3    | Noticed Tiamat
102595 | Zot:3    | Killed Tiamat
102984 | Zot:4    | Noticed a Killer Klown
103045 | Zot:4    | Noticed an orb of fire
103047 | Zot:4    | Noticed Sebriys's ghost (legendary TrBe)
103051 | Zot:4    | Noticed Emnejil's ghost (master VSBe)
103063 | Zot:4    | Killed a Killer Klown
103602 | Zot:4    | Identified the ring "Violatwi" {rF+ Int+6}
103853 | Zot:4    | Found a transporter.
103856 | Zot:4    | Found a transporter.
103977 | Zot:4    | Identified the ring of the Enemy {rC+ rCorr Str+2 Stlth+}
104178 | Zot:5    | Entered Level 5 of the Realm of Zot
104194 | Zot:5    | Reached XP level 26. HP: 314/314 MP: 17/45
104884 | Zot:5    | Reached skill level 15 in Dodging
104900 | Zot:5    | Noticed an orb of fire
104901 | Zot:5    | Noticed a Killer Klown
104903 | Zot:5    | Killed a Killer Klown
104908 | Zot:5    | Noticed an orb of fire
104974 | Zot:5    | Noticed a Killer Klown
104976 | Zot:5    | Got the Orb of Zot
104977 | Zot:5    | Noticed an ancient lich
104994 | Zot:5    | Killed an ancient lich
105002 | Zot:5    | Killed a Killer Klown
105018 | Zot:5    | Killed an orb of fire
105094 | Zot:5    | Killed a Killer Klown
105296 | D:15     | Noticed Vudduah the pandemonium lord
105634 | D:$      | Escaped with the Orb!

Illustrated notes

Levels and vault maps discovered:
D:1:      minmay_arrival_three_doors, layout_basic, hangedman_decor_points,
          st_stairs_14
D:2:      layout_basic, grunt_ministairs_2, chequers_serial_rivers_room_b,
          uniq_terence, uniq_sigmund
D:3:      layout_loops_ring, trog_butcher_becter,
          mainiacjoe_overflow_six_doors_small,
          hellmonk_ecumenical_altar_lost_god, uniq_robin
D:4:      layout_loops_ring, mainiacjoe_overflow_surrounded_room,
          nicolae_qazlal_scattered_showers,
          serial_library_hellmonk_narrow_alcove
D:5:      layout_loops_ring, nicolae_vehumet_altar_sigil,
          uniq_crazy_yiuf_cottage
D:6:      wander_river, layout_basic, minmay_mini_ossuary, uniq_blork_the_orc
D:7:      minmay_inner_zag, layout_basic, lemuel_tele_altar,
          minmay_temple_entry_enclosed_plants, serial_shops, shop
D:8:      wad_woods_stonehenge, layout_basic, mainiacjoe_overflow_boulevard,
          gammafunk_temple_overflow_pools, uniq_prince_ribbit1, uniq_jeremiah,
          uniq_maurice
D:9:      layout_cave_pools, nemelex_diamond_rough_becter, erik_lair_island,
          serial_ice, serial_ice_j, serial_ice_h, serial_ice_b, serial_ice_d,
          serial_ice_f, uniq_psyche
D:10:     layout_basic, small_statue_intersection, uniq_grum
D:11:     layout_basic, david_orc_1_choice, gauntlet_entry_generic,
          hex_intersection
D:12:     kb_forest_paths, layout_small_grid, serial_rivers,
          chequers_serial_rivers_micro_c, chequers_serial_rivers_small_b,
          chequers_serial_rivers_micro_b, chequers_serial_rivers_micro_a,
          chequers_serial_rivers_large_a
D:13:     layout_irregular_city, hellmonk_vaults_keyhole
D:14:     minmay_bloctagon, layout_rooms, minivault_23
D:15:     hangedman_depths_entry_try_elsewhere_first, layout_loops_ring,
          nicolae_wu_jian_wuxing_cycle
Temple:   nicolae_temple_ecumenical_triangle
Lair:1:   layout_hall_layers, uniq_maggie, uniq_nergalle
Lair:2:   layout_chaotic_city, alex1729_swamp_entry_worm_eleionoma,
          lemuel_fruit_fields, grunt_megastairs_1, lemuel_fruit_fields,
          uniq_fannar, uniq_urug
Lair:3:   layout_long_grid, guppyfry_snake_entry_garden, special_room
          [special_room_bee]
Lair:4:   layout_roguey, serial_bayou_shore_a, grunt_megastairs_2, uniq_nessos
Lair:5:   evilmike_catoblepas_cave, layout_regular_city, slime_entry_1,
          portal_ice_cave_entry_imps
Swamp:1:  layout_falls_marsh, evilmike_swamp_ruin_house_2, uniq_donald
Swamp:2:  layout_basic_swamp, nicolae_swamp_stuck_in_the_mud, swamp_pool_1_2,
          nzn_swamp_weyward_sisters, nicolae_swamp_long_stream
Swamp:3:  layout_falls_marsh, evilmike_swamp_ruin_rubble_2, swamp_pool_4,
          infiniplex_staircase_pool_2, uniq_roxanne
Swamp:4:  swamp_old_school, layout_basic_swamp, swamp_pool_3,
          infiniplex_staircase_pool
Snake:1:  layout_layer_cave, drop_trap, serial_nicolae_subway,
          nicolae_sub_station_stone, nicolae_sub_station_metal,
          nicolae_sub_station_crystal, serial_bayou_shore_b,
          serial_bayou_shore_b
Snake:2:  nicolae_sea_snake_s, layout_misc_corridors,
          serial_library_regret_index_small_wings, nicolae_snake_linked_coils,
          uniq_azrael, uniq_vashnia, uniq_nikola
Snake:3:  layout_basic, nrook_guardian_serpent_ordinary, minmay_shoptagon,
          grunt_megastairs_3
Snake:4:  johnstein_snake_rune_scales, layout_onion, uniq_aizul
Orc:1:    layout_caves, gammafunk_ghost_arena, blackcustard_mines_bat_river
Orc:2:    st_orc_pillars, layout_caves, basic_altar, uniq_jorgrun
Vaults:1: vaults_room_hallway, nicolae_vaults_wine_cellar,
          nicolae_vaults_wrenched, nicolae_vaults_tetromino_L_1, v_misc_24,
          hangedman_vaults_slice, nicolae_vaults_network_square,
          nicolae_vaults_closet_pinwheel_3, nicolae_vaults_tetromino_T_1,
          vaults_dpeg_hooks, layout_vaults_omnigrid
Vaults:2: vaults_mumra_minichess, not_door_vault_due, v_misc_9,
          nicolae_vaults_prndl, vaults_room_large_hall,
          nicolae_vaults_ellipses_ellipsis, v_misc_23, hangedman_vaults_maws,
          vaults_standard_mumra_enter_the_diamond, dpeg_vaults_monster_row,
          nicolae_vaults_diamond_1, vaults_room_pool, vaults_room_hallway,
          layout_vaults_maze_bifur, serial_shops, nicolae_shop_rolling_square,
          uniq_zenata
Vaults:3: nicolae_vaults_taking_the_gang_shopping, nicolae_vaults_theta,
          minmay_crypt_entry_skeletal_spiral, nicolae_vaults_six-pack,
          hangedman_vaults_corner, ontoclasm_vaults_eye,
          nicolae_vaults_little_squares_4, vaults_room_pools, v_misc_22,
          nicolae_vaults_hallways_thing, v_alt_pattern_4,
          nicolae_vaults_three_branches, vaults_room_corners,
          layout_vaults_big_room
Vaults:4: ebering_ghost_gozag, nicolae_vaults_network_quinsquares
          [nicolae_vaults_network_quincunx_subvault,
          nicolae_vaults_network_quincunx_subvault,
          nicolae_vaults_network_quincunx_subvault,
          nicolae_vaults_network_quincunx_subvault], nicolae_vaults_big_ls,
          vaults_room_boxed, nicolae_vaults_tangram_1,
          nicolae_vaults_little_squares_6, grunt_vaults_hallway_short,
          ontoclasm_vaults_twist, nicolae_vaults_apartment_1,
          hangedman_vaults_nails, ontoclasm_vaults_ring_large,
          grunt_vaults_bifocal, grunt_vaults_trifunnel, nicolae_vaults_theta,
          nicolae_vaults_alarming, layout_vaults_omnibox, uniq_frederick
Vaults:5: serial_shops
Depths:1: layout_cave_pools, grunt_hell_entry_dis_mu,
          serial_library_regret_index_multi, abyss_entry_small_statue_room,
          grunt_dithmenos_smoke
Depths:2: grunt_arcs, layout_cave_pools, hell_entry, lemuel_blue_sif_altar,
          pan_entry, minmay_room_of_horrors, minmay_staircase_bubble
Depths:3: minmay_nine_rooms, layout_basic, enter_ziggurat_f, abyss_entry,
          hangedman_tar_grid_catacomb
Depths:4: grunt_crosshair, layout_cave_shapes,
          hangedman_abyss_or_decor_jellyfish_corner, grunt_hell_horde,
          minmay_shop_grove, serial_bayou_shore_b
Zot:1:    gammafunk_mikee_crab_dinner, layout_basic, uniq_grunn
Zot:2:    layout_onion_interference
Zot:3:    layout_misc_corridors, uniq_tiamat
Zot:4:    kennysheep_ambush_hall, layout_misc_corridors, nzn_ghost_randoct
Zot:5:    layout_basic

Skill      XL: |  1  2  3  4  5  6  7  8  9 10 11 12 13 14 15 16 17 18 19 20 21 22 23 24 25 26 |
---------------+-------------------------------------------------------------------------------+-----
Fighting       | 2 3 5 6 7 9 10 12 14 16 18 20 23 25 27 | 27.0
Maces & Flails | 1 2 3 4 5 6 8 9 11 12 14 15 17 19 20 22 | 22.0
Spellcasting   | 1 3 5 10 13 14 16 18 | 18.8
Translocations | 1 2 4 9 11 12 13 14 15 | 15.0
Dodging        | 4 6 9 14 17 | 17.0
Throwing       | 2 3 4 7 |  7.2
Shields        | 4 6 8 |  8.0
Evocations     | 4 |  4.0
Shapeshifting  | 6 12 16 17 | 17.1
Stealth        | |  0.6

Action                     |  1- 3 |  4- 6 |  7- 9 | 10-12 | 13-15 | 16-18 | 19-21 | 22-24 | 25-27 || total
---------------------------+-------+-------+-------+-------+-------+-------+-------+-------+-------++-------
  Melee: Club              |    31 |       |       |       |       |       |       |       |       ||    31
         Headbutt          |    19 |    24 |    40 |   111 |   289 |   142 |   157 |    34 |    15 ||   831
         Whip              |    78 |       |       |       |       |       |       |       |       ||    78
         Punch             |     1 |     5 |     4 |       |       |       |       |       |       ||    10
         Short sword       |       |   169 |       |       |       |       |       |       |       ||   169
         War axe           |       |    29 |    36 |       |       |       |       |       |       ||    65
         Flail             |       |       |   153 |   518 |  1181 |  2014 |  1696 |   153 |       ||  5715
         Quarterstaff      |       |       |     5 |       |       |       |       |       |       ||     5
         Giant spiked club |       |       |       |       |       |       |       |   898 |   535 ||  1433
  Throw: Dart              |       |       |     2 |    12 |   133 |     6 |       |       |       ||   153
         Javelin           |       |       |       |       |    11 |       |       |       |       ||    11
         Boomerang         |       |       |       |       |    13 |       |       |       |       ||    13
         Throwing net      |       |       |       |       |     3 |       |       |       |       ||     3
   Cast: Manifold Assault  |       |       |       |       |   105 |  1005 |   619 |   517 |   295 ||  2541
         Lesser Beckoning  |       |       |       |       |     2 |     3 |     9 |     1 |       ||    15
         Blink             |       |       |       |       |       |     1 |       |       |       ||     1
         Dispersal         |       |       |       |       |       |       |       |     1 |       ||     1
 Invoke: Potion Petition   |       |       |       |     1 |     3 |     2 |     3 |     4 |       ||    13
         Bribe Branch      |       |       |       |       |       |       |     1 |       |     2 ||     3
         Call Merchant     |       |       |       |       |       |       |       |     4 |       ||     4
  Evoke: Wand              |     4 |    14 |    11 |    13 |     5 |     3 |     1 |       |     3 ||    54
         Box of beasts     |       |       |       |     1 |     3 |     2 |     2 |     2 |       ||    10
         Phantom mirror    |       |       |       |       |       |     2 |     1 |       |       ||     3
         Phial of floods   |       |       |       |       |       |       |     1 |       |       ||     1
    Use: Potion            |       |     4 |       |     3 |     3 |     5 |    11 |     8 |     8 ||    42
         Scroll            |       |       |     5 |    14 |     7 |    11 |    14 |    15 |     6 ||    72
   Stab: Sleeping          |       |     6 |     1 |     1 |     2 |       |       |       |       ||    10
         Invisible         |       |       |       |     1 |     2 |     2 |     3 |     1 |     2 ||    11
         Distracted        |       |       |       |     1 |     3 |     3 |     3 |     1 |       ||    11
         Petrified         |       |       |       |       |     8 |       |       |       |       ||     8
         Paralysed         |       |       |       |       |       |     3 |       |       |       ||     3
 Armour: Robe              |    99 |   149 |   126 |   368 |     2 |       |       |       |       ||   744
         Steam dragon scal |       |       |       |    23 |   605 |   303 |       |       |       ||   931
         Skin              |       |       |       |       |       |   279 |   808 |   484 |   251 ||  1822
  Dodge: Dodged            |    83 |   130 |    85 |   216 |   314 |   259 |   299 |   184 |   166 ||  1736
  Block: Kite shield       |       |       |     2 |   268 |   585 |   616 |   666 |    47 |       ||  2184
         Reflection        |       |       |       |       |    26 |    79 |    71 |     3 |       ||   179
         Other             |       |       |       |       |       |       |       |    39 |       ||    39
   Form: Statue            |       |       |       |       |       |     2 |       |       |       ||     2
                           |       |       |       |       |       |     1 |       |       |       ||     1
